 Dungeon Crawl Stone Soup version 0.28-a0-863-g8cecda6153 (webtiles) character file.

Game seed: 7284618564038954788

506 vineage the Skirmisher (level 6, -2/82 HPs)
             Began as a Demonspawn Gladiator on Nov 18, 2021.
             Slain by an ogre (13 damage)
             ... on level 4 of the Dungeon.
             The game lasted 00:05:18 (3785 turns).

vineage the Skirmisher (Demonspawn Gladiator)       Turns: 3785, Time: 00:05:18

Health: -2/82      AC: 23    Str: 17    XL:     6   Next: 97%
Magic:  6/6        EV:  2    Int:  9    God:
Gold:   143        SH:  0    Dex: 14    Spells: 5/5 levels left

rFire   . . .      SeeInvis .   g - +1 war axe (vorpal)
rCold   . . .      Faith    .   (no shield)
rNeg    . . .      Spirit   .   (armour currently unavailable)
rPois   +          Reflect  .   (helmet currently unavailable)
rElec   .          Harm     .   (cloak currently unavailable)
rCorr   .          Rampage  .   (gloves currently unavailable)
Will    .....      NoTele   +   (boots currently unavailable)
Stlth   +.........              (no amulet)
HPRegen 0.23/turn               (no ring)
MPRegen 0.10/turn               (no ring)

@: tree-form, attractive
A: stationary, stasis, torment immunity, boosted hp, (hooves 2), demonic
guardian 1
a: no special abilities


You were on level 4 of the Dungeon.
You were a tree.
You visited 1 branch of the dungeon, and saw 5 of its levels.

You collected 143 gold pieces.

Inventory:

Hand Weapons
 a - a +0 war axe
 g - a +1 vorpal war axe (weapon)
Missiles
 d - 3 throwing nets (quivered)
Armour
 b - a +0 leather armour
 c - a +0 helmet (melded)
 f - a +0 pair of boots (melded)
 j - the +0 leather armour of the True Pharaoh (melded) {rPois rC+ Dex+5}
   (You found it on level 4 of the Dungeon)

   Dex:       It affects your dexterity (+5).
   rC:        It protects you from cold.
   rPois:     It protects you from poison.
Wands
 h - a wand of digging (6)
Scrolls
 e - 2 scrolls of identify


   Skills:
 + Level 7.6 Fighting
 - Level 2.7 Axes
 - Level 1.7 Throwing
 - Level 2.7 Dodging


You had 5 spell levels left.
You didn't know any spells.
Your spell library was empty.

Dungeon Overview and Level Annotations

Branches:
Dungeon (5/15)
 Temple: D:4-7

Altars:
Wu Jian

Shops:
D:2 =

Annotations:
D:3 1 runed translucent door, Crazy Yiuf
D:5 Dowan, Duvessa


Innate Abilities, Weirdness & Mutations

You are a tree.
Your roots penetrate the ground, keeping you stationary.
You cannot be teleported.
You are immune to unholy pain and torment.
Your maximum health is greatly increased.
Your equipment is partially melded.
((You have hoof-like feet.))
A weak demonic guardian rushes to your aid.


Message History

The gnoll closely misses you. The gnoll hits you with a +0 halberd!
You hit the gnoll.
The gnoll is almost dead.
The gnoll hits you with a +0 halberd!
Your iron imp closely misses the gnoll.
You slash the gnoll!
You kill the gnoll!
You see here a +0 halberd.
You see here a +0 mace.
You see here a +0 club.
There is a stone staircase leading down here.
You climb downwards.
Level annotation: Dowan, Duvessa The ogre shouts!
The ogre hits you with a +0 giant club!!
* * * LOW HITPOINT WARNING * * *
A demonic guardian appears!
The gnoll closely misses you.
There is a stone staircase leading up, spattered with blood here.
The ogre hits you with a +0 giant club!
* * * LOW HITPOINT WARNING * * *
The gnoll hits you but does no damage.
You climb upwards.
Your summoned ally is left behind.
There is a stone staircase leading down here.
As you read the scroll of fog, it crumbles to dust.
The scroll dissolves into smoke.
The ogre closely misses you. The ogre barely misses you.
You see here a +0 club.
As you read the scroll of fog, it crumbles to dust.
The scroll dissolves into smoke.
The ogre barely misses you.
It was a potion of attraction.
You feel attractive to monsters.
Really quaff the potion of lignification?
You turn into a tree.
Your +0 helmet melds into your body.
Your +0 pair of boots melds into your body.
The +0 leather armour of the True Pharaoh {rPois rC+ Dex+5} melds into your body.
Your roots penetrate the ground.
The ogre barely misses you.
You hit the ogre.
The ogre is moderately wounded.
The ogre hits you with a +0 giant club!
You die...

..## #.# ###
...####.# #.#
...##...# #.#
...##.### ##.#
..###.# #..# #.#
#.# #.## #.# #.#
#§# #.#
#)##########§#
#.###...§§§§§§##♣#
#.).....§§§§#§##O#
#.#########§§§##§#
#.########...§§§§#
#....<.....#######
#.########## #.#
#.# #.#


You could see an ogre.

Vanquished Creatures
  Sigmund (D:2)
  An ogre (D:4)
  2 hounds
  Jessica (D:2)
  4 gnolls (D:4)
  5 adders
  An adder skeleton (D:4)
  A worm (D:3)
  6 dart slugs
  6 orcs (D:3)
  7 ball pythons
  10 endoplasms
  2 giant cockroaches
  7 goblins
  2 hobgoblins (D:1)
  3 jackals (D:1)
  5 kobolds
  3 quokkas
  2 bats (D:2)
  A frilled lizard (D:1)
  3 rats
73 creatures vanquished.

Notes
Turn   | Place    | Note
-------+----------+-------------------------------------------
     0 | D:1      | vineage the Demonspawn Gladiator began the quest for the
                  | Orb.
     0 | D:1      | Reached XP level 1. HP: 16/16 MP: 1/1
   160 | D:1      | Gained mutation: You have large cloven feet. [demonic
                  | ancestry]
   160 | D:1      | Reached XP level 2. HP: 18/23 MP: 2/2
   240 | D:1      | Found a faded altar of an unknown god.
   446 | D:1      | Reached skill level 3 in Fighting
   921 | D:1      | Gained mutation: You have hoof-like feet. [demonic
                  | ancestry]
   921 | D:1      | Reached XP level 3. HP: 26/29 MP: 3/3
  1191 | D:2      | Found Laew Give's Jewellery Emporium.
  1257 | D:2      | Noticed Sigmund
  1259 | D:2      | Noticed Jessica
  1348 | D:2      | Reached skill level 4 in Fighting
  1411 | D:2      | Killed Jessica
  1412 | D:2      | Reached XP level 4. HP: 26/38 MP: 4/4
  1900 | D:2      | Killed Sigmund
  1901 | D:2      | Reached skill level 6 in Fighting
  1901 | D:2      | Reached XP level 5. HP: 38/46 MP: 5/5
  2063 | D:2      | Gained mutation: A weak demonic guardian rushes to your
                  | aid. [demonic ancestry]
  2063 | D:2      | Reached XP level 6. HP: 44/53 MP: 6/6
  2268 | D:3      | Found a runed translucent door.
  2269 | D:3      | Noticed Crazy Yiuf
  3076 | D:4      | Reached skill level 7 in Fighting
  3195 | D:4      | Identified the +0 leather armour of the True Pharaoh {rPois
                  | rC+ Dex+5}
  3331 | D:4      | Found an ornate altar of the Wu Jian Council.
  3502 | D:5      | Entered Level 5 of the Dungeon
  3671 | D:5      | Noticed Duvessa
  3671 | D:5      | Noticed Dowan
  3785 | D:4      | Slain by an ogre

Illustrated notes

Levels and vault maps discovered:
D:1:      zaba_arrival_water, layout_loops_corners,
          chequers_ecumenical_altar_simple_redux
D:2:      layout_loops_ring, serial_shops, nicolae_shop_waterfront,
          kennysheep_generic_room_4, uniq_sigmund, uniq_jessica
D:3:      layout_rooms, uniq_crazy_yiuf_cottage
D:4:      layout_loops_ring, nzn_wu_jian_council_hall
D:5:      layout_basic, nicolae_overflow_hallway_of_the_gods,
          gammafunk_ghost_cemetery, minmay_hollow_rounded_squares, uniq_duvessa

Skill      XL: |  1  2  3  4  5  6 |
---------------+-------------------+-----
Fighting       | 3 4 6 7 |  7.6
Axes           | |  2.7
Throwing       | |  1.7
Dodging        | |  2.7

Action                   |  1- 3 |  4- 6 || total
-------------------------+-------+-------++-------
Melee: War axe           |    80 |   120 ||   200
  Use: Scroll            |     6 |     4 ||    10
       Potion            |       |     2 ||     2
 Stab: Sleeping          |     1 |       ||     1
Armor: Leather armour    |    29 |    40 ||    69
Dodge: Dodged            |    50 |   102 ||   152

Table legend: (Time is in decaauts)
 A = Elapsed time spent in this place.
 B = Non-inter-level travel time spent in this place.
 C = Inter-level travel time spent in this place.
 D = Time resting spent in this place.
 E = Time spent auto-exploring this place.
 F = Levels seen in this place.
 G = Mean time per level.
                   A        B        C        D        E       F      G
               +--------+--------+--------+--------+--------+-----+--------+
         Total |   3867 |   3429 |    438 |      0 |   2847 |   5 |  773.4 |
       Dungeon |   3867 |   3429 |    438 |      0 |   2847 |   5 |  773.4 |
               +--------+--------+--------+--------+--------+-----+--------+

Top non-repeatable levels by time:
     D:1: 1152 daAuts
     D:2: 951 daAuts
     D:4: 943 daAuts
     D:3: 810 daAuts
     D:5: 9 daAuts
